[Event "Titled Tuesday Blitz July 4 Early 2023"]
[White "Bacrot, Etienne"]
[Black "Amilal Munkhdalai"]
[WhiteFideId "605506"]
[BlackFideId "4903250"]
[WhiteElo "2856"]
[BlackElo "2693"]
[Result "0-1"]
[Round "8"]
[TimeControl "180+2"]
[Date "2023.07.04"]
[WhiteClock "0:00:00"]
[BlackClock "0:00:06"]
[Board "32"]

1. e4 c5 2. Nf3 Nc6 3. Bb5 e6 4. O-O Nge7 5. Re1 a6 6. Bf1 d5 7. exd5 Nxd5 8. d4 Nf6 9. Be3 cxd4 10. Nxd4 Bd7 11. c4 Bb4 12. Nc3 O-O 13. Qb3 Qa5 14. h3 Rfd8 15. a3 Bxc3 16. bxc3 Nxd4 17. cxd4 Bc6 18. d5 exd5 19. Bb6 dxc4 20. Bxa5 cxb3 21. Bxd8 Rxd8 22. Rab1 Bd5 23. Red1 Rc8 24. Be2 Be6 25. Rd2 Ne4 26. Rd4 Nc3 27. Rb2 Nxe2+ 28. Rxe2 h6 29. a4 a5 30. Rb2 Rc2 31. Rd2 Rxb2 32. Rxb2 b5 33. axb5 a4 34. b6 Bd5 35. Kf1 Kh7 36. Ke2 a3 37. Rxb3 Bxb3 38. b7 a2 39. b8=Q Bc4+ 40. Ke3 a1=Q 41. Qc7 Qc3+ 42. Kf4 Qd4+ 43. Kg3 Bd3 44. f3 Bg6 45. Kh2 f6 46. Qb7 Qe5+ 47. Kg1 Qe3+ 48. Kh2 Bd3 49. Qd7 Qe5+ 50. Kg1 Qe3+ 51. Kh2 h5 52. Qd8 h4 53. Qd7 Qf4+ 54. Kg1 Bf5 55. Qe7 Qg3 56. Qc5 Qe1+ 57. Kh2 Qe5+ 0-1


[Site "https://www.chess.com"]

[Event "Titled Tuesday Blitz July 4 Early 2023"]
[White "Velikanov, Alexander"]
[Black "Pap, Gyula"]
[WhiteFideId "2039290"]
[BlackFideId "725323"]
[WhiteElo "2677"]
[BlackElo "2850"]
[Result "0-1"]
[Round "8"]
[TimeControl "180+2"]
[Date "2023.07.04"]
[WhiteClock "0:00:10"]
[BlackClock "0:01:20"]
[Board "33"]

1. e4 e5 2. Nf3 Nc6 3. Bb5 a6 4. Ba4 Nge7 5. O-O Ng6 6. Nc3 Bc5 7. d3 O-O 8. Be3 Nd4 9. Ne2 Nxf3+ 10. gxf3 d6 11. Kh1 Qf6 12. Ng3 Nh4 13. f4 exf4 14. Nh5 Qxb2 15. Nxf4 Qe5 16. Rg1 Ng6 17. Nxg6 fxg6 18. Bb3+ Kh8 19. f4 Qe7 20. Qd2 Be6 21. Rg5 Rae8 22. Rag1 Qf6 23. Bxc5 dxc5 24. Rxc5 c6 25. Rf1 Bh3 26. Re1 Qxf4 27. Qxf4 Rxf4 28. Rg5 Bg4 29. Kg2 h6 30. Rc5 Ref8 31. Kg3 Rf3+ 32. Kg2 Bh3+ 33. Kg1 Rf1+ 34. Rxf1 Rxf1# 0-1


[Site "https://www.chess.com"]

[Event "Titled Tuesday Blitz July 4 Early 2023"]
[White "Kantor, Gergely"]
[Black "Materia, Marco"]
[WhiteFideId "751499"]
[BlackFideId "45150451"]
[WhiteElo "2819"]
[BlackElo "2627"]
[Result "1/2-1/2"]
[Round "8"]
[TimeControl "180+2"]
[Date "2023.07.04"]
[WhiteClock "0:00:11"]
[BlackClock "0:00:53"]
[Board "34"]

1. Nf3 d5 2. g3 Nf6 3. Bg2 c5 4. O-O Nc6 5. b3 e5 6. Bb2 Bd6 7. d3 O-O 8. Nbd2 Bg4 9. h3 Bh5 10. e4 d4 11. a4 Bc7 12. Qe1 a6 13. Nh4 Nd7 14. Nf5 f6 15. Bf3 Bxf3 16. Nxf3 b5 17. Qe2 Nb6 18. Ba3 Nb4 19. Bxb4 cxb4 20. axb5 axb5 21. h4 Ra3 22. h5 Qa8 23. Rac1 Qe8 24. N3h4 Rf7 25. Qg4 Rd7 26. Kg2 Nc8 27. Rh1 Nd6 28. Ng6 Nxf5 29. Qxf5 Ra6 30. Rh4 Qe6 31. Qf3 hxg6 32. hxg6 Kf8 33. Rh8+ Ke7 34. Rch1 Kd6 35. R1h7 Kc6 36. Rf8 Kb7 37. Rhh8 Ra2 38. Qe2 Qxb3 39. Qg4 Qxc2 40. Qxd7 Qxf2+ 41. Kh3 Qf1+ 42. Kg4 Qe2+ 43. Kf5 Qf3+ 44. Ke6 Qg4+ 45. Ke7 Qxd7+ 46. Kxd7 b3 47. Rc8 Rc2 48. Rh1 b2 49. Rb1 b4 50. Rg8 Bb6 51. Ke6 Rg2 52. Rxg7+ Kc6 53. Rg8 Kb5 54. g7 Rxg3 55. Kf7 b3 56. Rb8 Kb4 57. Rxb6+ Kc3 58. g8=Q Rxg8 59. Kxg8 Kc2 60. Rh1 b1=Q 61. Rxb1 Kxb1 62. Rxb3+ Kc2 63. Ra3 Kb2 64. Ra6 Kc3 65. Ra3+ Kb2 66. Kf7 Kxa3 67. Kxf6 Kb3 68. Kxe5 Kc3 69. Kf4 Kxd3 70. e5 Kc2 71. e6 d3 72. e7 d2 73. e8=Q d1=Q 74. Qe4+ Qd3 75. Qxd3+ Kxd3 1/2-1/2


[Site "https://www.chess.com"]

[Event "Titled Tuesday Blitz July 4 Early 2023"]
[White "Svane, Frederik"]
[Black "Tologon tegin, Semetei"]
[WhiteFideId "12923044"]
[BlackFideId "13800574"]
[WhiteElo "2819"]
[BlackElo "2574"]
[Result "1-0"]
[Round "8"]
[TimeControl "180+2"]
[Date "2023.07.04"]
[WhiteClock "0:00:05"]
[BlackClock "0:00:07"]
[Board "35"]

1. c4 g6 2. Nc3 Bg7 3. d4 d6 4. e4 e5 5. Nf3 Bg4 6. d5 Nd7 7. Be2 h5 8. h3 Bxf3 9. Bxf3 Bh6 10. a3 a5 11. h4 Nc5 12. Bxh6 Nxh6 13. b3 O-O 14. Rb1 f5 15. b4 axb4 16. axb4 Nxe4 17. Nxe4 fxe4 18. Bxe4 Qf6 19. Qd2 Kg7 20. g3 Nf5 21. O-O Ra3 22. Kg2 Nxh4+ 23. gxh4 Qxh4 24. f3 Rf4 25. Qe1 Rg4+ 26. fxg4 Qxg4+ 27. Kf2 Qg3+ 28. Ke2 Re3+ 29. Kd2 Rxe1 30. Rbxe1 h4 31. Rg1 Qf2+ 32. Kd3 Qd4+ 33. Kc2 Qxc4+ 34. Kd1 Qb3+ 35. Kc1 Qa3+ 36. Kc2 Qa2+ 37. Kc3 Qa3+ 38. Kc4 Qa1 39. Rxa1 1-0


[Site "https://www.chess.com"]

[Event "Titled Tuesday Blitz July 4 Early 2023"]
[White "demon64fields"]
[Black "Chor, Kevin"]
[BlackFideId "2090740"]
[WhiteElo "2814"]
[BlackElo "2489"]
[Result "1-0"]
[Round "8"]
[TimeControl "180+2"]
[Date "2023.07.04"]
[WhiteClock "0:01:47"]
[BlackClock "0:00:02"]
[Board "36"]

1. Nf3 c5 2. g3 Nc6 3. Bg2 g6 4. O-O Bg7 5. c4 Nf6 6. Nc3 O-O 7. d3 Rb8 8. a3 a5 9. Rb1 d6 10. Bd2 Bg4 11. h3 Bf5 12. Nb5 Ne8 13. b4 axb4 14. axb4 Nc7 15. Nxc7 Qxc7 16. b5 Nd4 17. b6 Qc8 18. Nxd4 Bxd4 19. Kh2 Bd7 20. Bh6 Bg7 21. Bxg7 Kxg7 22. d4 cxd4 23. Qxd4+ Kg8 24. Ra1 Bc6 25. Bd5 e6 26. Bxc6 Qxc6 27. Rfd1 Rfd8 28. Ra7 Rbc8 29. Rd2 d5 30. c5 e5 31. Qxe5 Qxc5 32. Qd4 Qc6 33. Ra5 Rd6 34. e3 Qxb6 35. Qxb6 Rxb6 36. Raxd5 Rbc6 37. Kg2 Kg7 38. Rb5 R8c7 39. Rdb2 h5 40. R2b4 Rc4 41. Rxb7 Rxb4 42. Rxc7 Kf6 43. Kf3 Kg7 44. Rc6 Rb2 45. g4 hxg4+ 46. hxg4 Ra2 47. Kg3 Ra3 48. Rc4 Rb3 49. Re4 Kf6 50. f4 Ra3 51. Kf3 Rb3 52. Rc4 Ra3 53. Rb4 Rc3 54. Rb6+ Ke7 55. Ke4 Ra3 56. Rb5 Rc3 57. Kd4 Ra3 58. e4 Rf3 59. Rb7+ Kf8 60. Ke5 Rg3 61. Kf6 Rxg4 62. Rb8# 1-0


[Site "https://www.chess.com"]

[Event "Titled Tuesday Blitz July 4 Early 2023"]
[White "Stribuk, Artiom"]
[Black "Chyngyz, Sultai"]
[WhiteFideId "13515659"]
[BlackFideId "13803158"]
[WhiteElo "2811"]
[BlackElo "2393"]
[Result "1-0"]
[Round "8"]
[TimeControl "180+2"]
[Date "2023.07.04"]
[WhiteClock "0:00:06"]
[BlackClock "0:00:10"]
[Board "37"]

1. d4 Nf6 2. c4 e6 3. g3 d5 4. Bg2 Be7 5. Nf3 O-O 6. O-O c5 7. dxc5 Bxc5 8. cxd5 exd5 9. Qc2 Bb6 10. Nc3 Nc6 11. Na4 Bc7 12. Rd1 h6 13. b3 Re8 14. Bb2 Be6 15. Nc5 Qc8 16. Nxe6 Qxe6 17. e3 Bb6 18. Nd4 Nxd4 19. Bxd4 Rac8 20. Qb2 Bd8 21. Rac1 Be7 22. Qe2 Rxc1 23. Rxc1 Ba3 24. Rc7 Re7 25. Qc2 Bd6 26. Rc8+ Re8 27. Rxe8+ Nxe8 28. Bxa7 h5 29. h4 Nf6 30. Bd4 Ng4 31. Bf3 g6 32. Qd1 Nh6 33. Ba1 Qh3 34. Qd4 Kf8 35. Qg7+ Ke8 36. Qxh6 Bxg3 37. Qh8+ Kd7 38. Bg2 Bh2+ 39. Kf1 Qg4 40. Qd4 Bf4 41. Qxd5+ Bd6 42. Qxf7+ Kc8 43. Qxb7+ Kd8 44. Bf6+ Be7 45. Qxe7+ Kc8 46. Qb7# 1-0


[Site "https://www.chess.com"]

[Event "Titled Tuesday Blitz July 4 Early 2023"]
[White "Zia, Tahsin Tajwar"]
[Black "So, Wesley"]
[WhiteFideId "10211888"]
[BlackFideId "5202213"]
[WhiteElo "2446"]
[BlackElo "3069"]
[Result "0-1"]
[Round "8"]
[TimeControl "180+2"]
[Date "2023.07.04"]
[WhiteClock "0:00:00"]
[BlackClock "0:00:34"]
[Board "38"]

1. Nf3 c5 2. c4 Nc6 3. b3 Nf6 4. Bb2 d5 5. cxd5 Qxd5 6. Nc3 Qd8 7. g3 e5 8. Bg2 Be7 9. O-O O-O 10. d3 Rb8 11. Rc1 b6 12. Nb5 Nd7 13. Nd2 Bb7 14. Nc4 a6 15. Nbd6 Ba8 16. Nf5 Bf6 17. e3 Kh8 18. Ncd6 g6 19. Nh6 Qe7 20. Ndxf7+ Rxf7 21. Nxf7+ Qxf7 22. f4 Qe6 23. f5 gxf5 24. Qh5 Ne7 25. Bh3 Bg7 26. e4 Qg6 27. Qh4 Bf6 28. exf5 Qg7 29. Qg4 Qxg4 30. Bxg4 e4 31. Bxf6+ Nxf6 32. Be2 e3 33. g4 Rg8 34. h3 Nc6 35. Kh2 Nd4 36. Rce1 h5 37. Kg3 hxg4 38. hxg4 Nxe2+ 39. Rxe2 Nxg4 40. Kh3 Nf2+ 41. Kh4 Rg4+ 42. Kh5 Bg2 43. Rxe3 Bxf1 44. Rf3 Rg2 45. f6 Be2 46. f7 Bxf3+ 47. Kh6 Ng4+ 48. Kg6 Ne5+ 0-1


[Site "https://www.chess.com"]

[Event "Titled Tuesday Blitz July 4 Early 2023"]
[White "Shimanov, Aleksandr"]
[Black "Radzhabov, Rodion"]
[WhiteFideId "4198603"]
[BlackFideId "884715"]
[WhiteElo "2903"]
[BlackElo "2666"]
[Result "1-0"]
[Round "8"]
[TimeControl "180+2"]
[Date "2023.07.04"]
[WhiteClock "0:00:18"]
[BlackClock "0:00:00"]
[Board "39"]

1. b3 Nf6 2. Bb2 d5 3. Nf3 e6 4. e3 Be7 5. g4 O-O 6. g5 Ne8 7. h4 c5 8. c4 Nc6 9. d3 d4 10. Nbd2 e5 11. Qe2 Nd6 12. e4 b5 13. Bh3 bxc4 14. Nxc4 Nxc4 15. bxc4 Rb8 16. Bc1 f5 17. exf5 Bxf5 18. Bxf5 Rxf5 19. Nd2 Qd7 20. Ne4 Qe6 21. Kd1 Rbf8 22. Bd2 Rf3 23. Kc2 Bd8 24. Nxc5 Qd6 25. Ne4 Qa3 26. Rhb1 Ba5 27. Rb3 Qa4 28. Kb2 Bxd2 29. Qxd2 a5 30. a3 Rb8 31. Rxb8+ Nxb8 32. Rb1 Na6 33. Qc2 Qc6 34. Qe2 Rf8 35. Ka2 Nc5 36. Nxc5 Qxc5 37. Rb5 Qc6 38. Rxe5 Qg2 39. Re8 g6 40. Qe6+ 1-0


[Site "https://www.chess.com"]

[Event "Titled Tuesday Blitz July 4 Early 2023"]
[White "Ahmad, Khagan"]
[Black "Zhigalko, Sergei"]
[WhiteFideId "13431552"]
[BlackFideId "13502956"]
[WhiteElo "2660"]
[BlackElo "2887"]
[Result "0-1"]
[Round "8"]
[TimeControl "180+2"]
[Date "2023.07.04"]
[WhiteClock "0:00:18"]
[BlackClock "0:00:50"]
[Board "40"]

1. e4 c5 2. Nf3 Nc6 3. d4 cxd4 4. Nxd4 Nf6 5. Nc3 e5 6. Ndb5 d6 7. Bg5 a6 8. Na3 b5 9. Nd5 Be7 10. Bxf6 Bxf6 11. c3 Bg5 12. Nc2 Ne7 13. Nce3 O-O 14. a4 bxa4 15. Rxa4 a5 16. Bc4 Bd7 17. Ra2 Nxd5 18. Nxd5 Kh8 19. O-O f5 20. exf5 Bxf5 21. b4 axb4 22. cxb4 Rc8 23. Qb3 Be4 24. f3 Bxd5 25. Bxd5 Qb6+ 26. Kh1 Be3 27. Be4 Bd4 28. Qd3 Rc3 29. Qb1 Qb5 30. Bxh7 Rb3 31. Qd1 Kxh7 32. Re1 Qd3 33. Rd2 Qc4 34. Re4 Qxb4 35. h3 Rb1 0-1


[Site "https://www.chess.com"]

[Event "Titled Tuesday Blitz July 4 Early 2023"]
[White "Kamalidenova, Meruert"]
[Black "Molina, Roberto Junio Brito"]
[WhiteFideId "13712802"]
[BlackFideId "2109450"]
[WhiteElo "2659"]
[BlackElo "2849"]
[Result "1-0"]
[Round "8"]
[TimeControl "180+2"]
[Date "2023.07.04"]
[WhiteClock "0:00:16"]
[BlackClock "0:00:00"]
[Board "41"]

1. e4 c6 2. d4 d5 3. e5 Bf5 4. h4 Qb6 5. g4 Bd7 6. h5 c5 7. c3 Nc6 8. dxc5 Qxc5 9. Bf4 O-O-O 10. Bh3 f6 11. exf6 Nxf6 12. Nd2 e5 13. Be3 d4 14. cxd4 exd4 15. Bf4 Bd6 16. Bxd6 Qxd6 17. Qf3 Ne5 18. Qg3 Bb5 19. g5+ Nfd7 20. Bf5 Rhf8 21. Be4 Rde8 22. O-O-O Nc5 23. Kb1 Kb8 24. Nh3 Ka8 25. Rhe1 g6 26. hxg6 hxg6 27. Bc2 a6 28. Nb3 Nxb3 29. Bxb3 d3 30. a3 Qd4 31. Ka2 Rf3 32. Qg2 Ref8 33. Rd2 Nc4 34. Bxc4 Bxc4+ 35. Ka1 Be6 36. Rxe6 Qc4 37. Re1 Qh4 38. Rh1 Qe4 39. Rhd1 Qh4 40. Ng1 Rxf2 41. Rxf2 Rxf2 42. Qd5 1-0


[Site "https://www.chess.com"]

[Event "Titled Tuesday Blitz July 4 Early 2023"]
[White "Goltsev, Dmitry"]
[Black "Souleidis, Georgios"]
[WhiteFideId "24176710"]
[BlackFideId "4206827"]
[WhiteElo "2819"]
[BlackElo "2643"]
[Result "1-0"]
[Round "8"]
[TimeControl "180+2"]
[Date "2023.07.04"]
[WhiteClock "0:00:21"]
[BlackClock "0:00:00"]
[Board "42"]

1. e4 c5 2. Nf3 e6 3. d4 cxd4 4. Nxd4 Nf6 5. Nc3 Nc6 6. Be2 d5 7. exd5 exd5 8. O-O Be7 9. Bf3 h6 10. Re1 O-O 11. Bf4 Bb4 12. Qd2 Qb6 13. Be3 Ne5 14. Bxh6 Nxf3+ 15. Nxf3 Bxc3 16. bxc3 gxh6 17. Qxh6 Ne4 18. Qh4 Bf5 19. Rab1 Qd6 20. Nd4 Bg6 21. Re3 Rfe8 22. h3 b6 23. Rd1 Rac8 24. Ne2 Qf6 25. Qf4 Qxf4 26. Nxf4 Nxc3 27. Rd2 Rxe3 28. fxe3 Be4 29. g4 Nxa2 30. c4 Nb4 31. cxd5 Rc1+ 32. Kf2 Rc2 33. Rxc2 Bxc2 34. d6 Kf8 35. h4 a5 36. Ke2 a4 37. Kd2 a3 38. Kc3 a2 39. Kb2 Ke8 40. Ne2 Bb1 41. Nc3 Kd7 42. e4 Kxd6 43. h5 Ke7 44. h6 Kf8 45. g5 Nd3+ 46. Ka1 Ne5 47. Nd5 Bxe4 48. Nxb6 Nf3 49. Kxa2 Nxg5 50. Nd7+ Ke7 51. Ne5 Bh7 52. Nxf7 1-0


[Site "https://www.chess.com"]

[Event "Titled Tuesday Blitz July 4 Early 2023"]
[White "Mikhailovsky, Vladimir"]
[Black "Komov, Roman"]
[WhiteFideId "34105414"]
[BlackFideId "24175714"]
[WhiteElo "2811"]
[BlackElo "2637"]
[Result "1/2-1/2"]
[Round "8"]
[TimeControl "180+2"]
[Date "2023.07.04"]
[WhiteClock "0:00:06"]
[BlackClock "0:00:11"]
[Board "43"]

1. e4 c5 2. c3 Nf6 3. e5 Nd5 4. Nf3 Nc6 5. Bc4 Nb6 6. Bb3 d5 7. exd6 Qxd6 8. O-O Be6 9. Bxe6 Qxe6 10. Re1 Qd7 11. a4 e6 12. a5 Nd5 13. a6 b6 14. d4 cxd4 15. Nxd4 Be7 16. Nxc6 Qxc6 17. Qf3 O-O 18. Nd2 Rac8 19. Ne4 Rfd8 20. Bg5 Bxg5 21. Nxg5 Nf6 22. Red1 Qc5 23. Ne4 Nxe4 24. Qxe4 h6 25. Qb7 b5 26. h3 Rb8 27. Qe4 Qb6 28. Rxd8+ Rxd8 29. Qb7 Rb8 30. Qe7 Rd8 31. Qb7 Rb8 32. Qd7 Rd8 33. Qe7 g6 34. Qf6 Rd2 35. b3 h5 36. Qf3 Kg7 37. Qf4 Qd6 38. Qf3 Rd3 39. Qe2 Qd5 40. Rc1 Rd2 41. Qe3 Rd1+ 42. Rxd1 Qxd1+ 43. Kh2 Qxb3 44. Qxa7 Qxc3 45. Qb6 Qe5+ 46. g3 h4 47. Qb7 hxg3+ 48. fxg3 Qe2+ 49. Qg2 Qe3 50. Qb2+ e5 51. Qa2 Qa7 52. Kg2 b4 53. Qa4 b3 54. Qa1 Kh7 55. h4 b2 56. Qxb2 Qxa6 57. Qxe5 Qa2+ 58. Kh3 Qc4 59. Qf6 Qd5 60. Kh2 Qd2+ 61. Kh3 Qd5 62. Qf1 Qe6+ 63. Kh2 Kg8 64. Qa1 Qe2+ 65. Kh3 Qe6+ 66. Kg2 Kh7 67. Qg1 Qd5+ 68. Kh3 Qe6+ 69. Kh2 Qe2+ 70. Kh3 Qe6+ 71. g4 Kg7 72. Qd4+ Kh7 73. Kg3 Qe1+ 74. Qf2 Qe6 75. h5 gxh5 76. gxh5 Qe5+ 77. Kh4 f6 78. Qc2+ Kh8 79. Qc8+ Kh7 80. Qc2+ Kh8 81. Qg6 Qg5+ 82. Qxg5 fxg5+ 83. Kxg5 Kg7 84. h6+ Kh7 85. Kh5 Kh8 86. Kg6 Kg8 87. h7+ Kh8 88. Kh6 1/2-1/2


[Site "https://www.chess.com"]

[Event "Titled Tuesday Blitz July 4 Early 2023"]
[White "chess123456s"]
[Black "Mekhitarian, Krikor Sevag"]
[BlackFideId "2107660"]
[WhiteElo "2635"]
[BlackElo "2784"]
[Result "0-1"]
[Round "8"]
[TimeControl "180+2"]
[Date "2023.07.04"]
[WhiteClock "0:00:55"]
[BlackClock "0:01:15"]
[Board "44"]

1. d4 Nf6 2. Nc3 d5 3. Bf4 a6 4. e3 Bf5 5. Nf3 e6 6. Bd3 Bg6 7. a3 c5 8. dxc5 Bxc5 9. Qe2 O-O 10. O-O-O Nc6 11. e4 b5 12. exd5 exd5 13. Bxg6 hxg6 14. Bg5 Re8 15. Qd3 d4 16. Ne4 Rxe4 17. Bxf6 Qd5 18. Bg5 Rae8 19. Bd2 Qa2 20. c3 Bxa3 21. Qb1 Qxb1+ 22. Kxb1 Bc5 23. cxd4 Nxd4 24. Ng5 Re2 25. Be3 Nb3 26. Bxc5 Nxc5 27. Rd5 Na4 28. b3 Nc3+ 0-1


[Site "https://www.chess.com"]

[Event "Titled Tuesday Blitz July 4 Early 2023"]
[White "Fier, Alexandr"]
[Black "Ozdemir, Serhan Berat"]
[WhiteFideId "2107139"]
[BlackFideId "6374611"]
[WhiteElo "2782"]
[BlackElo "2626"]
[Result "0-1"]
[Round "8"]
[TimeControl "180+2"]
[Date "2023.07.04"]
[WhiteClock "0:02:31"]
[BlackClock "0:01:23"]
[Board "45"]

1. d4 Nf6 2. Bg5 g6 3. Bxf6 exf6 4. e3 d5 5. h4 h5 6. g3 c6 7. Bg2 Bd6 8. Nd2 Bg4 9. Ne2 Nd7 10. c4 dxc4 11. Nxc4 Bb4+ 12. Kf1 Nb6 13. Rc1 Nxc4 14. Rxc4 Bd6 15. Qd2 O-O 16. Nf4 Re8 17. Kg1 Qe7 18. Kh2 Rad8 19. Qa5 g5 20. hxg5 fxg5 21. Nh3 Be6 22. Rcc1 f6 23. Kg1 Bf7 24. a3 Bxg3 25. fxg3 Qxe3+ 26. Kh2 h4 27. gxh4 g4 28. Rc3 g3# 0-1


[Site "https://www.chess.com"]

[Event "Titled Tuesday Blitz July 4 Early 2023"]
[White "Gorovets, Andrey"]
[Black "Karttunen, Mika"]
[WhiteFideId "13504037"]
[BlackFideId "502081"]
[WhiteElo "2761"]
[BlackElo "2611"]
[Result "1-0"]
[Round "8"]
[TimeControl "180+2"]
[Date "2023.07.04"]
[WhiteClock "0:01:13"]
[BlackClock "0:00:06"]
[Board "46"]

1. d4 Nf6 2. c4 e6 3. Nf3 d5 4. g3 dxc4 5. Bg2 Bb4+ 6. Nc3 O-O 7. O-O a6 8. Qc2 Be7 9. Rd1 c6 10. a4 a5 11. Ne5 Nd5 12. Nxc4 Na6 13. e4 Ndb4 14. Qe2 Bd7 15. h4 Qe8 16. Bf4 c5 17. Nd6 Qd8 18. Nxb7 Qb6 19. Nxc5 Bxc5 20. dxc5 Nxc5 21. Bd6 Bc6 22. Qe3 Nd7 23. Qxb6 Nxb6 24. Bxf8 Rxf8 25. b3 Rb8 26. Rac1 Be8 27. Bf1 Kf8 28. Bb5 Ke7 29. Bxe8 Kxe8 30. Nb5 Nd7 31. Rc7 Rd8 32. Nd6+ Ke7 33. Nxf7 Na6 34. Nxd8 Nxc7 35. Nc6+ Ke8 36. Nxa5 Ne5 37. Kg2 Ke7 38. f4 Ng4 39. Nc6+ Kf6 40. Rd7 Na6 41. b4 h5 42. Ra7 1-0


[Site "https://www.chess.com"]

[Event "Titled Tuesday Blitz July 4 Early 2023"]
[White "Dvirnyy, Danyyil"]
[Black "Degenbaev, Aziz"]
[WhiteFideId "817570"]
[BlackFideId "13802640"]
[WhiteElo "2757"]
[BlackElo "2565"]
[Result "1/2-1/2"]
[Round "8"]
[TimeControl "180+2"]
[Date "2023.07.04"]
[WhiteClock "0:00:56"]
[BlackClock "0:00:37"]
[Board "47"]

1. d4 Nf6 2. c4 e6 3. Nf3 d5 4. e3 Be7 5. b3 O-O 6. Bd3 b6 7. O-O Bb7 8. Bb2 Nbd7 9. Nc3 c5 10. cxd5 Nxd5 11. Nxd5 Bxd5 12. e4 Bb7 13. Qe2 cxd4 14. Nxd4 Nc5 15. Rad1 Nxd3 16. Qxd3 Qc8 17. Nb5 Qc5 18. Qg3 Qg5 19. Rd7 Qxg3 20. hxg3 Bc6 21. Rxe7 Bxb5 22. Rc1 a5 23. Rcc7 a4 24. Rb7 a3 25. Bd4 Bd3 26. Bxb6 Bxe4 27. Ra7 Rxa7 28. Rxa7 Ra8 29. Rxa8+ Bxa8 30. f3 Bc6 31. Bc5 f6 32. Bxa3 e5 33. Kf2 Kf7 34. Ke3 Ke6 35. Bb2 h5 36. Kd2 g5 37. Ke3 Bd5 38. Bc3 f5 39. Ba5 f4+ 40. gxf4 exf4+ 41. Kf2 Kf5 42. Bc7 g4 43. fxg4+ hxg4 44. g3 fxg3+ 45. Bxg3 Ke4 46. Ke2 Be6 47. Bc7 Bf7 48. Kd2 Kd4 49. Kc2 Be6 50. Kb2 Kc5 51. Kc3 Kc6 52. Bf4 Bf7 53. Kb2 Be6 54. Kc3 Bf7 55. a4 Bxb3 56. Kxb3 Kb7 57. a5 g3 58. a6+ Kxa6 59. Bxg3 1/2-1/2


[Site "https://www.chess.com"]

[Event "Titled Tuesday Blitz July 4 Early 2023"]
[White "Gunina, Valentina"]
[Black "Jovic, Stanoje"]
[WhiteFideId "4167570"]
[BlackFideId "905020"]
[WhiteElo "2754"]
[BlackElo "2546"]
[Result "1-0"]
[Round "8"]
[TimeControl "180+2"]
[Date "2023.07.04"]
[WhiteClock "0:01:27"]
[BlackClock "0:00:00"]
[Board "48"]

1. e4 c6 2. Nc3 d5 3. Nf3 Nf6 4. e5 Ne4 5. d4 Bg4 6. Bd3 Nxc3 7. bxc3 e6 8. O-O b5 9. a4 bxa4 10. Rxa4 a5 11. c4 Nd7 12. Bd2 dxc4 13. Rxc4 a4 14. Rxc6 a3 15. Bb5 a2 16. Bc3 Be7 17. d5 O-O 18. d6 Bg5 19. Be2 Bf4 20. Rc4 Bxf3 21. Bxf3 Bxe5 22. Bxa8 Qxa8 23. Qa1 Bxd6 24. Rd1 Nb6 25. Rg4 Rc8 26. Rxg7+ Kf8 27. Rxh7 Nd5 28. Bf6 Ke8 29. c4 1-0


[Site "https://www.chess.com"]

[Event "Titled Tuesday Blitz July 4 Early 2023"]
[White "Weetik, Vjacheslav"]
[Black "Fiedorek, Michal"]
[WhiteFideId "4153472"]
[BlackFideId "1199528"]
[WhiteElo "2743"]
[BlackElo "2484"]
[Result "1-0"]
[Round "8"]
[TimeControl "180+2"]
[Date "2023.07.04"]
[WhiteClock "0:00:04"]
[BlackClock "0:00:00"]
[Board "49"]

1. d4 d5 2. c4 c6 3. Nf3 Nf6 4. g3 g6 5. Bg2 Bg7 6. O-O O-O 7. Qb3 a5 8. cxd5 cxd5 9. Nc3 Nc6 10. Bf4 Ne4 11. Rfd1 Nxc3 12. bxc3 a4 13. Qa3 Qa5 14. Rab1 Qa6 15. Bf1 Qa5 16. Rb2 Re8 17. Rdb1 e5 18. Rb5 Qa7 19. Be3 e4 20. Ng5 h6 21. Nh3 Na5 22. Nf4 Nc4 23. Qc1 Be6 24. Rxb7 Qa6 25. Nxe6 Rxe6 26. Bxh6 e3 27. Bxg7 Kxg7 28. f4 Nd2 29. R1b5 Rh8 30. Bg2 Ne4 31. Qxe3 Nd6 32. Qxe6 Qxb5 33. Qe5+ 1-0


[Site "https://www.chess.com"]

[Event "Titled Tuesday Blitz July 4 Early 2023"]
[White "Postny, Evgeny"]
[Black "Heinemann, Josefine"]
[WhiteFideId "2804344"]
[BlackFideId "12900460"]
[WhiteElo "2735"]
[BlackElo "2480"]
[Result "1-0"]
[Round "8"]
[TimeControl "180+2"]
[Date "2023.07.04"]
[WhiteClock "0:00:08"]
[BlackClock "0:00:28"]
[Board "50"]

1. e4 c6 2. d4 d5 3. Nd2 dxe4 4. Nxe4 Nf6 5. Nxf6+ exf6 6. c3 Bd6 7. Bd3 O-O 8. Ne2 Re8 9. Qc2 h5 10. Bd2 Nd7 11. O-O-O Nf8 12. Rde1 b5 13. Ng3 g6 14. Rxe8 Qxe8 15. Ne4 Be7 16. Re1 Qd8 17. h3 a5 18. g4 hxg4 19. hxg4 Bxg4 20. Ng3 a4 21. a3 Bd6 22. Be4 Bxg3 23. fxg3 Qd6 24. Bf4 Qe6 25. Rh1 f5 26. Qh2 Bh5 27. Bf3 Re8 28. Bxh5 gxh5 29. Qxh5 Qf6 30. Be5 Rxe5 31. dxe5 Qxe5 32. Qg5+ Ng6 33. Rf1 Kg7 34. Qxf5 Qe3+ 35. Kb1 Ne5 36. Ka2 Qe2 37. Qf6+ Kg8 38. Rh1 Qc4+ 39. Ka1 Ng6 40. Qd8+ Kg7 41. Qd4+ Qxd4 42. cxd4 Kf6 43. Rc1 Ne7 44. Rc5 Ke6 45. Kb1 Kd6 46. Kc2 Nd5 47. Kd3 f5 48. Rc1 Nf6 49. Rf1 Ke6 50. Ke3 Nd5+ 51. Kf3 Kd6 52. Rh1 b4 53. Rh6+ Kd7 54. axb4 Nxb4 55. Ke3 Nc2+ 56. Kd3 Ne1+ 57. Kc4 Nc2 58. Kc5 a3 59. bxa3 Nxa3 60. Rh7+ Ke6 61. Kxc6 1-0


[Site "https://www.chess.com"]

[Event "Titled Tuesday Blitz July 4 Early 2023"]
[White "Wagner, Dennis"]
[Black "Prieto Aranguren, Alain"]
[WhiteFideId "24650684"]
[BlackFideId "2268906"]
[WhiteElo "2727"]
[BlackElo "2367"]
[Result "1-0"]
[Round "8"]
[TimeControl "180+2"]
[Date "2023.07.04"]
[WhiteClock "0:00:43"]
[BlackClock "0:01:14"]
[Board "51"]

1. e4 c6 2. d4 d5 3. exd5 cxd5 4. Bd3 Nc6 5. c3 Qc7 6. Na3 a6 7. Nc2 Nf6 8. h3 g6 9. Nf3 Bf5 10. O-O Bxd3 11. Qxd3 Bg7 12. Re1 O-O 13. a4 Rac8 14. Bg5 e6 15. Re3 Ne4 16. Bh4 Na5 17. Ng5 Nc4 18. Nxe4 dxe4 19. Qxe4 Nxb2 20. Nb4 Qd7 21. Nd3 Nxa4 22. Ne5 Qb5 23. c4 Qb4 24. Qc2 Bxe5 25. Rxa4 Rxc4 26. Qxc4 Qb1+ 27. Qf1 Qc2 28. Rc4 1-0


[Site "https://www.chess.com"]

[Event "Titled Tuesday Blitz July 4 Early 2023"]
[White "Ocelak, Jakub"]
[Black "Cherniaiev, Tykhon"]
[WhiteFideId "23707933"]
[BlackFideId "14182360"]
[WhiteElo "2467"]
[BlackElo "2703"]
[Result "1-0"]
[Round "8"]
[TimeControl "180+2"]
[Date "2023.07.04"]
[WhiteClock "0:00:36"]
[BlackClock "0:00:00"]
[Board "52"]

1. d4 Nf6 2. Nc3 d5 3. Bf4 c5 4. e4 Nxe4 5. Nxe4 dxe4 6. dxc5 Qa5+ 7. c3 Qxc5 8. Qa4+ Nc6 9. Qxe4 g6 10. Nf3 Bg7 11. Qe3 Qa5 12. Bc4 O-O 13. h4 Bg4 14. Ng5 h6 15. Ne4 Ne5 16. Bb3 Qb5 17. Bxe5 Qxe5 18. O-O a5 19. a4 Bf5 20. Rfe1 Qc7 21. Ng3 Bg4 22. h5 Qb6 23. Qxb6 gxh5 24. Rxe7 Rac8 25. Rae1 Rc6 26. Qxb7 Rf6 27. Ne4 1-0


[Site "https://www.chess.com"]

[Event "Titled Tuesday Blitz July 4 Early 2023"]
[White "Slovineanu, Viacheslav"]
[Black "Koshulyan, Egor A."]
[WhiteFideId "13900510"]
[BlackFideId "24237000"]
[WhiteElo "2341"]
[BlackElo "2693"]
[Result "1/2-1/2"]
[Round "8"]
[TimeControl "180+2"]
[Date "2023.07.04"]
[WhiteClock "0:00:06"]
[BlackClock "0:00:25"]
[Board "53"]

1. d4 Nf6 2. Nf3 d5 3. c4 e6 4. e3 a6 5. b3 c5 6. Bd3 Nc6 7. Bb2 Be7 8. O-O O-O 9. Nc3 cxd4 10. exd4 dxc4 11. bxc4 b6 12. Qe2 Bb7 13. Rad1 Qc7 14. d5 exd5 15. Nxd5 Nxd5 16. cxd5 Nb4 17. Be5 Bd6 18. Bxh7+ Kxh7 19. Ng5+ Kg6 20. Bxd6 Qxd6 21. Ne4 Qf4 22. g3 Qf5 23. Nd6 Qd7 24. Qe4+ f5 25. Qxb4 a5 26. Qxb6 Ra6 27. Qxb7 Qxd6 28. Rfe1 Rb6 29. Qxb6 Qxb6 30. Re6+ Qxe6 31. dxe6 Re8 32. Re1 Kf6 33. e7 Rxe7 34. Rxe7 Kxe7 35. Kf1 Kd6 36. Ke2 Kc5 37. Kd3 Kb4 38. f3 Ka3 39. h4 Kxa2 40. Kc2 a4 41. g4 fxg4 42. fxg4 a3 43. h5 Ka1 44. g5 a2 45. h6 g6 46. h7 1/2-1/2


[Site "https://www.chess.com"]